Map: Dash and Terminal LE (Void)

Players

ArmyofUltras - Winner!

  • Race: Zerg Zerg
  • League: Silver

wabbajack

  • Race: Zerg Zerg
  • League: Gold

VOD

Have the link to the VOD?

Description

Time

  • Played on: July 17, 2015, 1:12 p.m.
  • Length: 3:20
Show
View Real Time Build Order
Export as new Build Order

ArmyofUltras Zerg - Winner!

Build Orders: Pool First 

Get SALT Encoding   

  12  0:01  Drone  
  13  0:25  Spawning Pool  
  12  0:30  Overlord  
  12  0:37  Drone  
  13  0:50  Drone  
  14  1:02  Extractor  
  13  1:11  Zergling x2  
  13  1:12  Zergling x4  
  16  1:23  Zergling x2  
  16  1:25  Queen  
  19  1:35  Zergling x2  
  20  1:48  Zergling x2  
  21  1:57  Zergling x2  
  22  2:15  Overlord  
  22  2:32  Hatchery  
  22  2:33  Queen  
  23  2:43  Drone x2  
  24  2:54  Drone  
  25  3:04  Drone x2  
Show
View Real Time Build Order
Export as new Build Order

wabbajack Zerg 

Build Orders: Hatch First 

Get SALT Encoding   

  12  0:01  Drone  
  13  0:13  Overlord  
  13  0:17  Drone  
  14  0:25  Drone, Extractor  
  15  0:31  Drone  
  15  0:35  Drone  
  17  0:55  Hatchery  
  16  0:58  Drone x2  
  16  1:01  Extractor  
  17  1:07  Drone  
  18  1:18  Spawning Pool  
  17  1:20  Drone  
  18  1:29  Drone  
  19  1:39  Overlord  
  19  1:50  Drone  
  20  2:05  Queen  
  20  2:07  Queen  
  24  2:11  Spine Crawler  
  23  2:21  Spine Crawler  
  22  2:23  Drone  
  22  2:29  Zergling x6  
  26  2:33  Drone  
  26  2:36  Zergling x2  
  28  2:41  Zergling x2  
  28  2:42  Zergling x2  
  26  2:55  Baneling Nest  
  26  2:56  Zergling x4  
Tags
 
Add a new tag
Caveats
  • Supply blocks, unpowered buildings, or Contaminate may cause inaccurate times.
  • Supply counts are checked every 10 seconds.